 Dungeon Crawl Stone Soup version 0.17-a0-1954-g0dddeaa (webtiles) character file.

371 Ordine the Cruncher (level 6, -1/50 HPs)
             Began as a Minotaur Gladiator on Oct 4, 2015.
             Killed from afar by an orc wizard (3 damage)
             ... with a magic dart
             ... on level 5 of the Dungeon.
             The game lasted 00:07:21 (2769 turns).

Ordine the Cruncher (Minotaur Gladiator)            Turns: 2769, Time: 00:07:22

Health: -1/50      AC: 10    Str: 19    XL:     6   Next: 42%
Magic:  5/5        EV:  6    Int:  5    God:
Gold:   173        SH:  0    Dex: 13    Spells: 0 memorised, 5 levels left

rFire  . . .     SeeInvis .     a - +0 quarterstaff
rCold  . . .     Clarity  .     n - +0 plate armour
rNeg   . . .     SustAt   .     (no shield)
rPois  .         Gourm    .     c - +0 hat
rElec  .         Spirit   .     (no cloak)
rCorr  .         Warding  .     (no gloves)
rMut   .         Stasis   .     (no boots)
MR     .....                    p - amulet of inaccuracy (curse)
Stlth  ..........               (no ring)
                                (no ring)

@: not resistant to hostile enchantments, extremely unstealthy
A: retaliatory headbutt, horns 2
a: no special abilities


You were on level 5 of the Dungeon.
You were very hungry.

You visited 1 branch of the dungeon, and saw 5 of its levels.

You collected 173 gold pieces.

Inventory:

Hand weapons
 a - a +0 quarterstaff (weapon)
Missiles
 d - 3 throwing nets (quivered)
Armour
 c - a +0 hat (worn)
 n - a +0 plate armour (worn)
Jewellery
 p - a cursed amulet of inaccuracy (around neck)
 q - an uncursed amulet of the gourmand {unknown}
 s - an uncursed amulet of faith {unknown}
Scrolls
 t - 2 scrolls of teleportation
Potions
 g - a potion of heal wounds
 h - 3 potions of curing
 i - a potion of cancellation
 m - a potion of brilliance
 r - a potion of might
Books
 o - a Young Poisoner's Handbook

   Spells                             Type                      Level
   a - Sting                          Conjuration/Poison           1
   b - Cure Poison                    Poison                       2
   c - Mephitic Cloud                 Conjuration/Poison/Air       3
   d - Olgreb's Toxic Radiance        Poison                       4
   e - Venom Bolt                     Conjuration/Poison           5
Comestibles
 e - 5 bread rations
 f - 2 beef jerkies
 j - 3 meat rations
 k - 2 fruits
 l - a slice of pizza


   Skills:
 - Level 2.4 Fighting
 + Level 8.8 Staves
 - Level 2.0 Throwing
 - Level 3.2 Dodging


You had 5 spell levels left.
You didn't know any spells.

Dungeon Overview and Level Annotations

Branches:
Dungeon (5/15)
 Temple: D:4-7

Altars:
Cheibriados
Elyvilon
Nemelex Xobeh
Sif Muna
Trog
The Shining One


Innate Abilities, Weirdness & Mutations

You reflexively headbutt those who attack you in melee.
You have a pair of horns on your head.


Message History

The orc hits you but does no damage.
The orc wizard hits you but does no damage.
The orc wizard completely misses you. You furiously retaliate!
You headbutt the orc wizard. You closely miss the orc priest.
You headbutt the orc priest.
The orc priest is almost dead.
The jackal bites you but does no damage.
The orc wizard casts a spell at you. The puff of flame hits you!
* * * LOW HITPOINT WARNING * * *
The orc barely misses you.
The orc priest calls upon Beogh to heal the orc wizard.
The orc wizard's wounds heal themselves!
The jackal bites you but does no damage.
The orc wizard hits you but does no damage.
You closely miss the orc priest. You headbutt the orc priest.
You kill the orc priest!
The orc wizard points at you and mumbles some strange words.
The magic dart hits you!
You die...

####### ##
##.....##...
##...........
#....<)......
#...§o§§.(...
#..[§@o§.....
#.§.§ho......
#..§..§......
#.>.......?..
##...§.......
##.....##...
####### #.#
.#


You could see 2 orc wizards, an orc and a jackal.

Vanquished Creatures
  An ogre (D:3)
  A giant frog (D:4)
  An orc wizard (D:4)
  An orc priest (D:5)
  A worker ant (D:4)
  2 hound skeletons (D:4)
  2 adders
  3 oozes
  4 worms
  A giant gecko (D:2)
  8 orcs
  4 bats
  3 giant cockroaches
  3 hobgoblins
  4 jackals
  2 quokkas (D:3)
  A ball python (D:4)
  A giant gecko skeleton (D:4)
  4 giant newts
  9 goblins
  7 kobolds
  A quokka skeleton (D:4)
  11 rats
75 creatures vanquished.

Notes
Turn   | Place    | Note
--------------------------------------------------------------
     0 | D:1      | Ordine the Minotaur Gladiator began the quest for the Orb.
     0 | D:1      | Reached XP level 1. HP: 18/18 MP: 0/0
    68 | D:1      | Reached skill level 4 in Staves
   145 | D:1      | Reached XP level 2. HP: 25/25 MP: 1/1
   755 | D:2      | Reached skill level 5 in Staves
   755 | D:2      | Reached XP level 3. HP: 24/30 MP: 2/2
   786 | D:2      | Found a glowing golden altar of the Shining One.
   790 | D:2      | Found a deep blue altar of Sif Muna.
  1227 | D:3      | Found a white marble altar of Elyvilon.
  1408 | D:3      | Reached XP level 4. HP: 35/37 MP: 3/3
  1485 | D:3      | Noticed an ogre
  1493 | D:3      | Killed an ogre
  1493 | D:3      | Reached skill level 7 in Staves
  1493 | D:3      | Reached XP level 5. HP: 27/42 MP: 4/4
  2015 | D:4      | Reached skill level 8 in Staves
  2017 | D:4      | Reached XP level 6. HP: 38/50 MP: 5/5
  2132 | D:4      | Found a snail-covered altar of Cheibriados.
  2174 | D:4      | Found a sparkling altar of Nemelex Xobeh.
  2344 | D:4      | Noticed a moth of wrath
  2419 | D:4      | Found a bloodstained altar of Trog.
  2754 | D:5      | Entered Level 5 of the Dungeon
  2768 | D:5      | HP: 1/50 [orc wizard/puff of flame (9)]
  2769 | D:5      | Killed from afar by an orc wizard

Vault maps used:
D:1:      ncdulo_lavacross
D:2:      minitemple
D:3:      elyvilon_altar_4
D:4:      kennysheep_mini, nicolae_overflow_hidden_temple, first_bread,
          fountainhead, tgw_trog
D:5:      evilmike_ruin_ashenzari, lemuel_round_altar, serial_shops, shop,
          shop_fountains, nicolae_shop_waterfront, shop, uniq_blork_the_orc,
          uniq_menkaure

Action                   |  1- 3 |  4- 6 || total
-------------------------+-------+-------++-------
Melee: Quarterstaff      |    94 |   161 ||   255
  Use: Scroll            |     5 |     3 ||     8
  Eat: Chunk             |     1 |     3 ||     4
       Fruit             |       |     1 ||     1
